[Event "NOR-chT Codanserien 2017-18"]
[Site "Oslo"]
[Date "2018.01.14"]
[Round "6"]
[White "Galinsky, Timofey"]
[Black "Thanke, Bror"]
[Result "1-0"]
[ECO "A48"]
[WhiteElo "2376"]
[BlackElo "2154"]
[Annotator "ChessBase"]
[PlyCount "105"]
[EventDate "2018.??.??"]
[EventType "team-tourn"]
[EventCountry "NOR"]
[SourceTitle "playchess.com"]
[Source "ChessBase"]
[SourceQuality "1"]
[TimeControl "40/5400+30:1800+30"]

1. d4 Nf6 2. Nf3 g6 3. c3 Bg7 4. Bg5 O-O 5. Nbd2 d5 6. e3 Nbd7 7. Be2 Re8 8. b4 e5 9. O-O c6 10. a4 Qc7 11. Qb3 Nh5 12. Rfc1 h6 13. Bh4 g5 14. Bg3 Nxg3 15. hxg3 g4 16. Nh2 h5 17. Bd3 Nf8 18. Rab1 Qe7 19. Nhf1 Be6 20. Qc2 Rad8 21. Nb3 b6 22. b5 c5 23. dxc5 bxc5 24. c4 d4 25. exd4 exd4 26. Re1 Nd7 27. Re2 Ne5 28. Rbe1 Qc7 29. Nfd2 Nd7 30. Ne4 Kf8 31. Qd2 Bf5 32. Qf4 Qxf4 33. gxf4 Bxe4 34. Rxe4 Rxe4 35. Rxe4 Bf6 36. a5 Rb8 37. Re1 Be7 38. g3 Bd6 39. Be4 Rd8 40. Bc6 Nb8 41. Bd5 Nd7 42. Kg2 Nf6 43. Bc6 Rc8 44. a6 Rb8 45. Bb7 Nd7 46. Rh1 Nb6 47. Rxh5 Nxc4 48. Nxc5 Bxc5 49. Rh8+ Ke7 50. Rxb8 d3 51. Bc8 d2 52. Bxg4 Kd6 53. Rb7 1-0

[Event "NOR-chT Codanserien 2017-18"]
[Site "Oslo"]
[Date "2018.01.14"]
[Round "6"]
[White "Galchenko, Matvey"]
[Black "Tisdall, Jonathan D"]
[Result "1/2-1/2"]
[ECO "A11"]
[WhiteElo "2367"]
[BlackElo "2403"]
[Annotator "ChessBase"]
[PlyCount "93"]
[EventDate "2018.??.??"]
[EventType "team-tourn"]
[EventCountry "NOR"]
[SourceTitle "playchess.com"]
[Source "ChessBase"]
[SourceQuality "1"]
[TimeControl "40/5400+30:1800+30"]

1. c4 c6 2. e4 e5 3. Nf3 Nf6 4. Nc3 d6 5. d4 Nbd7 6. Be2 Be7 7. O-O O-O 8. Re1 Re8 9. h3 Qc7 10. Bf1 a6 11. d5 a5 12. b3 Nc5 13. Ba3 Bd7 14. Rc1 Rec8 15. dxc6 Qxc6 16. Nd2 Qb6 17. Qe2 Ne6 18. Nf3 Nd4 19. Qd3 Nxf3+ 20. Qxf3 a4 21. b4 Qa7 22. Qd1 Be6 23. Nd5 Bxd5 24. exd5 b6 25. Qf3 Qd7 26. Bd3 g6 27. Kh2 Nh5 28. Bf1 f5 29. Qe3 Rab8 30. c5 bxc5 31. bxc5 dxc5 32. Bxc5 e4 33. g3 Bxc5 34. Rxc5 Rxc5 35. Qxc5 Rb2 36. Qd4 Qg7 37. Qe3 Qe5 38. Rc1 f4 39. gxf4 Nxf4 40. Kh1 Kg7 41. Rd1 Rxa2 42. d6 Ra1 43. Rxa1 Qxa1 44. Qxf4 Qxf1+ 45. Kh2 Qd3 46. Qe5+ Kh6 47. Qf4+ 1/2-1/2

[Event "NOR-chT Codanserien 2017-18"]
[Site "Oslo"]
[Date "2018.01.14"]
[Round "6"]
[White "Stokke, Kjetil"]
[Black "Hobber, Anders"]
[Result "1/2-1/2"]
[ECO "D10"]
[WhiteElo "2336"]
[BlackElo "2301"]
[Annotator "ChessBase"]
[PlyCount "39"]
[EventDate "2018.??.??"]
[EventType "team-tourn"]
[EventCountry "NOR"]
[SourceTitle "playchess.com"]
[Source "ChessBase"]
[SourceQuality "1"]
[TimeControl "40/5400+30:1800+30"]

1. d4 d5 2. c4 c6 3. cxd5 cxd5 4. Bf4 Nc6 5. e3 Nf6 6. Nc3 e6 7. Nf3 Bd6 8. Bxd6 Qxd6 9. Bd3 O-O 10. O-O Bd7 11. a3 Rfc8 12. Qe2 a6 13. Rad1 Be8 14. e4 dxe4 15. Nxe4 Qe7 16. Nc3 Rd8 17. Rfe1 Qd6 18. Bb1 Rac8 19. Ba2 Ne7 20. Ne5 1/2-1/2

[Event "NOR-chT Codanserien 2017-18"]
[Site "Oslo"]
[Date "2018.01.14"]
[Round "6"]
[White "Hole, Oystein"]
[Black "Haldorsen, Benjamin"]
[Result "0-1"]
[ECO "E97"]
[WhiteElo "2334"]
[BlackElo "2405"]
[Annotator "ChessBase"]
[PlyCount "62"]
[EventDate "2018.??.??"]
[EventType "team-tourn"]
[EventCountry "NOR"]
[SourceTitle "playchess.com"]
[Source "ChessBase"]
[SourceQuality "1"]
[TimeControl "40/5400+30:1800+30"]

1. Nf3 Nf6 2. c4 g6 3. Nc3 Bg7 4. e4 d6 5. d4 O-O 6. Be2 e5 7. O-O Nc6 8. d5 Ne7 9. b4 a5 10. bxa5 c5 11. Bd2 h6 12. a4 Ne8 13. Ra3 f5 14. Ne1 Nf6 15. exf5 Nxf5 16. Bd3 Rxa5 17. f4 exf4 18. Rxf4 Nh5 19. Rf3 Bd4+ 20. Kh1 Qh4 21. Bxf5 Bxf5 22. Ne2 Raa8 23. Nxd4 Qxd4 24. Nc2 Qb2 25. Rac3 Rxa4 26. Bxh6 Re8 27. Bc1 Bxc2 28. Qd2 Ra1 29. Rf1 Rxc1 30. Rxc1 Re2 31. Rb3 Bxb3 0-1

[Event "NOR-chT Codanserien 2017-18"]
[Site "Oslo"]
[Date "2018.01.14"]
[Round "6"]
[White "Risting, Eivind Olav"]
[Black "Berg, Johan"]
[Result "1/2-1/2"]
[ECO "A45"]
[WhiteElo "2309"]
[BlackElo "2212"]
[Annotator "ChessBase"]
[PlyCount "35"]
[EventDate "2018.??.??"]
[EventType "team-tourn"]
[EventCountry "NOR"]
[SourceTitle "playchess.com"]
[Source "ChessBase"]
[SourceQuality "1"]
[TimeControl "40/5400+30:1800+30"]

1. d4 Nf6 2. Bg5 Ne4 3. Bf4 c5 4. f3 Nf6 5. dxc5 Qa5+ 6. Qd2 Qxc5 7. Nc3 d6 8. e4 a6 9. Be3 Qc7 10. O-O-O h5 11. Nge2 Nbd7 12. Kb1 b5 13. Nf4 e6 14. Qf2 Rb8 15. Rg1 Ne5 16. Ba7 Rb7 17. Bd4 Bd7 18. Nd3 1/2-1/2

[Event "NOR-chT Codanserien 2017-18"]
[Site "Oslo"]
[Date "2018.01.14"]
[Round "6"]
[White "Gabrielsen, Stig"]
[Black "Andersen, Alf R"]
[Result "1-0"]
[ECO "C18"]
[WhiteElo "2307"]
[BlackElo "2164"]
[Annotator "ChessBase"]
[PlyCount "153"]
[EventDate "2018.??.??"]
[EventType "team-tourn"]
[EventCountry "NOR"]
[SourceTitle "playchess.com"]
[Source "ChessBase"]
[SourceQuality "1"]
[TimeControl "40/5400+30:1800+30"]

1. e4 e6 2. d4 d5 3. Nc3 Bb4 4. e5 c5 5. a3 Bxc3+ 6. bxc3 Qa5 7. Bd2 Qa4 8. Qg4 g6 9. Nf3 Nc6 10. Be2 Bd7 11. O-O c4 12. Rfb1 O-O-O 13. Qh4 h6 14. Bd1 Nge7 15. Qf6 Qa5 16. a4 Rh7 17. Rb5 Qc7 18. Rab1 Ng8 19. Qh4 Na5 20. R5b4 Bc6 21. Bc1 Qd7 22. Ra1 Ne7 23. Qh3 Rdh8 24. Nd2 g5 25. Bh5 Qe8 26. Nf1 Nf5 27. Qf3 Kb8 28. h3 Bd7 29. Nh2 Nc6 30. Rbb1 Nh4 31. Qd1 Ne7 32. Ng4 Ng8 33. a5 Qd8 34. g3 Nf5 35. Ba3 Be8 36. Ra2 Ka8 37. Bc5 Ng7 38. Bb6 Qc8 39. Nf6 Nxf6 40. exf6 Nxh5 41. Qxh5 Bc6 42. Rb4 Rg8 43. a6 bxa6 44. Bc5 Rg6 45. Qe2 Rh8 46. Qe5 Rd8 47. Be7 Bb5 48. Bxd8 Qxd8 49. Rb1 Rxf6 50. Raa1 Rg6 51. Re1 Kb7 52. Kg2 a5 53. Rf1 a6 54. f4 gxf4 55. Qxf4 f5 56. Rf2 a4 57. Re1 Qf8 58. Rfe2 Bd7 59. Kh2 Qa3 60. Rb1+ Bb5 61. Qd2 h5 62. Rbe1 Bd7 63. Rb1+ Bb5 64. Re5 Ka7 65. Rb4 Qa2 66. Re1 h4 67. gxh4 f4 68. Rf1 Rf6 69. h5 Be8 70. Rfb1 Bb5 71. Qc1 f3 72. Kg1 f2+ 73. Kf1 Bc6 74. Ra1 Qxa1 75. Qxa1 a5 76. Rb1 e5 77. Qb2 1-0

[Event "NOR-chT Codanserien 2017-18"]
[Site "Oslo"]
[Date "2018.01.14"]
[Round "6"]
[White "Ekeberg, Carl Fredrik"]
[Black "Mikalsen, Erlend"]
[Result "1/2-1/2"]
[ECO "E32"]
[WhiteElo "2278"]
[BlackElo "2307"]
[Annotator "ChessBase"]
[PlyCount "68"]
[EventDate "2018.??.??"]
[EventType "team-tourn"]
[EventCountry "NOR"]
[SourceTitle "playchess.com"]
[Source "ChessBase"]
[SourceQuality "1"]
[TimeControl "40/5400+30:1800+30"]

1. d4 Nf6 2. c4 e6 3. Nc3 Bb4 4. Qc2 O-O 5. a3 Bxc3+ 6. Qxc3 b6 7. Bg5 Bb7 8. f3 h6 9. Bh4 d5 10. e3 Nbd7 11. cxd5 Nxd5 12. Bxd8 Nxc3 13. Bh4 Nd5 14. Bf2 c5 15. Ne2 f5 16. Rd1 Rac8 17. dxc5 Nxc5 18. Nd4 Na4 19. Rb1 e5 20. Nxf5 Rxf5 21. e4 Rg5 22. exd5 Bxd5 23. Be3 Rg6 24. Ba6 Rf8 25. Kf2 e4 26. f4 Nc5 27. Be2 Nd3+ 28. Bxd3 exd3 29. Rhg1 Rc8 30. Rbd1 Rc2+ 31. Rd2 Rxd2+ 32. Bxd2 Re6 33. Re1 Rxe1 34. Bxe1 Kf7 1/2-1/2

[Event "NOR-chT Codanserien 2017-18"]
[Site "Oslo"]
[Date "2018.01.14"]
[Round "6"]
[White "Flermoen, Peter"]
[Black "Aulin-Jansson, Joran"]
[Result "1-0"]
[ECO "B15"]
[WhiteElo "2259"]
[BlackElo "2273"]
[Annotator "ChessBase"]
[PlyCount "71"]
[EventDate "2018.??.??"]
[EventType "team-tourn"]
[EventCountry "NOR"]
[SourceTitle "playchess.com"]
[Source "ChessBase"]
[SourceQuality "1"]
[TimeControl "40/5400+30:1800+30"]

1. e4 c6 2. d4 d5 3. Nc3 dxe4 4. Nxe4 Nf6 5. Nxf6+ exf6 6. Nf3 Bd6 7. Bd3 O-O 8. O-O Bg4 9. h3 Bh5 10. Re1 Nd7 11. Bf5 Re8 12. Be3 Nb6 13. g4 Bg6 14. Nh4 Bc7 15. Qf3 Qd6 16. Rad1 Re7 17. b3 Rae8 18. c4 Nd7 19. Re2 Nf8 20. d5 Nd7 21. Rdd2 Ne5 22. Qg2 cxd5 23. Rxd5 Qa3 24. Rc2 Nc6 25. Rd1 Qa5 26. c5 Bb8 27. Rcd2 Ne5 28. Kh1 Bc7 29. Qxb7 h5 30. Bxg6 Nxg6 31. Nf5 Rxe3 32. Nxe3 Bf4 33. b4 Qa3 34. Rd8 Rxd8 35. Rxd8+ Kh7 36. gxh5 1-0

[Event "NOR-chT Codanserien 2017-18"]
[Site "Oslo"]
[Date "2018.01.14"]
[Round "6"]
[White "Skrondal, Inge Sandstad"]
[Black "Gullaksen, Eirik"]
[Result "1/2-1/2"]
[ECO "E91"]
[WhiteElo "2239"]
[BlackElo "2352"]
[Annotator "ChessBase"]
[PlyCount "75"]
[EventDate "2018.??.??"]
[EventType "team-tourn"]
[EventCountry "NOR"]
[SourceTitle "playchess.com"]
[Source "ChessBase"]
[SourceQuality "1"]
[TimeControl "40/5400+30:1800+30"]

1. Nf3 Nf6 2. c4 g6 3. Nc3 Bg7 4. e4 d6 5. d4 O-O 6. Be2 Na6 7. O-O e5 8. Be3 Ng4 9. Bg5 f6 10. Bh4 Qe8 11. c5 exd4 12. Nxd4 dxc5 13. Nb3 Ne5 14. f4 Nf7 15. Nd5 g5 16. Bg3 c6 17. Bxa6 cxd5 18. Qxd5 Qe7 19. Bc4 b5 20. Bxb5 Bb7 21. Qxc5 Qxe4 22. Rf2 gxf4 23. Bxf4 Ne5 24. Bxe5 fxe5 25. Qc4+ Kh8 26. Qxe4 Bxe4 27. Re2 Bd5 28. Rd1 Bxb3 29. axb3 Rad8 30. Rxd8 Rxd8 31. Kf2 Bf6 32. Ke3 Bg5+ 33. Ke4 Rd2 34. Kxe5 Rxe2+ 35. Bxe2 Bc1 36. Bc4 Kg7 37. b4 Bxb2+ 38. Kf5 1/2-1/2

[Event "NOR-chT Codanserien 2017-18"]
[Site "Oslo"]
[Date "2018.01.14"]
[Round "6"]
[White "Gudbrandsen, Gustav"]
[Black "Muhseen Abdullah Mohammed"]
[Result "1/2-1/2"]
[ECO "B12"]
[WhiteElo "2235"]
[BlackElo "2207"]
[Annotator "ChessBase"]
[PlyCount "87"]
[EventDate "2018.??.??"]
[EventType "team-tourn"]
[EventCountry "NOR"]
[SourceTitle "playchess.com"]
[Source "ChessBase"]
[SourceQuality "1"]
[TimeControl "40/5400+30:1800+30"]

1. e4 c6 2. d4 g6 3. Nf3 d5 4. e5 Bg7 5. Be2 f6 6. exf6 exf6 7. O-O Ne7 8. Re1 O-O 9. b3 Re8 10. Nbd2 Nd7 11. Bd3 Nf8 12. Nf1 Be6 13. Ng3 Qd7 14. Ba3 Bf7 15. Qd2 g5 16. Bxe7 Rxe7 17. Rxe7 Qxe7 18. Nf5 Qd7 19. h4 g4 20. Nh2 h5 21. Nf1 Ng6 22. N1g3 Ne7 23. Nh6+ Kf8 24. Nxf7 Kxf7 25. Nxh5 Rh8 26. Nxg7 Rxh4 27. g3 Rh8 28. Qf4 Kxg7 29. Be2 f5 30. Qe5+ Kg8 31. Bd3 Rh6 32. Qb8+ Kf7 33. Re1 a6 34. Kg2 Ng6 35. Rh1 Rxh1 36. Kxh1 Kf6 37. Qg8 Qe7 38. Kg2 Qd7 39. a4 Qe7 40. a5 Qd7 41. Kf1 Qc7 42. b4 Qd7 43. c3 Kg5 44. Kg2 1/2-1/2

[Event "NOR-chT Codanserien 2017-18"]
[Site "Oslo"]
[Date "2018.01.14"]
[Round "6"]
[White "Trygstad, Kristian"]
[Black "Andersen, Oystein R"]
[Result "1/2-1/2"]
[ECO "B23"]
[WhiteElo "2229"]
[BlackElo "2074"]
[Annotator "ChessBase"]
[PlyCount "49"]
[EventDate "2018.??.??"]
[EventType "team-tourn"]
[EventCountry "NOR"]
[SourceTitle "playchess.com"]
[Source "ChessBase"]
[SourceQuality "1"]
[TimeControl "40/5400+30:1800+30"]

1. e4 c5 2. Nc3 Nc6 3. f4 e6 4. Nf3 d5 5. Bb5 Nge7 6. exd5 exd5 7. Qe2 Qd6 8. O-O Bg4 9. Bxc6+ Qxc6 10. Qb5 Bxf3 11. Rxf3 Qxb5 12. Nxb5 Kd7 13. d3 g6 14. Bd2 Bg7 15. c3 Rhe8 16. Re1 a6 17. Na3 Nf5 18. Rff1 b5 19. Nc2 a5 20. g4 Nd6 21. Be3 Kc6 22. d4 Nc4 23. Bc1 b4 24. b3 Na3 25. Nxa3 1/2-1/2

[Event "NOR-chT Codanserien 2017-18"]
[Site "Oslo"]
[Date "2018.01.14"]
[Round "6"]
[White "Svendsen, Bertil"]
[Black "Kakushadze, Ilia"]
[Result "1-0"]
[ECO "A46"]
[WhiteElo "2222"]
[BlackElo "2137"]
[Annotator "ChessBase"]
[PlyCount "81"]
[EventDate "2018.??.??"]
[EventType "team-tourn"]
[EventCountry "NOR"]
[SourceTitle "playchess.com"]
[Source "ChessBase"]
[SourceQuality "1"]
[TimeControl "40/5400+30:1800+30"]

1. d4 Nf6 2. Nf3 c5 3. c4 cxd4 4. Nxd4 e5 5. Nb5 d5 6. cxd5 Bc5 7. N5c3 O-O 8. g3 Qb6 9. e3 Bg4 10. Be2 Bh3 11. a3 a5 12. Nd2 Qd8 13. Bf3 Re8 14. Rg1 Bf5 15. e4 Qb6 16. Qe2 Ng4 17. Rg2 Nxf2 18. Rxf2 Bh3 19. Nc4 Bxf2+ 20. Qxf2 Qg6 21. Be3 Nd7 22. Qe2 f5 23. Bh5 Qf6 24. Bxe8 Rxe8 25. exf5 Bxf5 26. a4 Qg6 27. Kd2 Rc8 28. Nxa5 Nc5 29. Bxc5 Rxc5 30. Nb3 Qh6+ 31. Ke1 Rc8 32. Nd2 e4 33. Nf1 Qf6 34. Ne3 Bh3 35. Rd1 Rf8 36. d6 Bd7 37. Rd2 Rc8 38. Qf2 Qe6 39. Ned5 Kh8 40. Qe3 Qxd6 41. Nb6 1-0

[Event "NOR-chT Codanserien 2017-18"]
[Site "Oslo"]
[Date "2018.01.14"]
[Round "6"]
[White "Hammerstad, Asmund"]
[Black "Mikalsen, Harald"]
[Result "1-0"]
[ECO "D35"]
[WhiteElo "2197"]
[BlackElo "2036"]
[Annotator "ChessBase"]
[PlyCount "70"]
[EventDate "2018.??.??"]
[EventType "team-tourn"]
[EventCountry "NOR"]
[SourceTitle "playchess.com"]
[Source "ChessBase"]
[SourceQuality "1"]
[TimeControl "40/5400+30:1800+30"]

1. d4 Nf6 2. c4 e6 3. Nc3 d5 4. cxd5 exd5 5. Bg5 Be7 6. e3 O-O 7. Bd3 c6 8. Qc2 h6 9. Bh4 Re8 10. Nf3 Nbd7 11. h3 Ne4 12. Bxe7 Qxe7 13. Bxe4 dxe4 14. Nd2 Nf6 15. g4 b6 16. O-O-O Ba6 17. Qb3 Bd3 18. Qa3 c5 19. dxc5 Rec8 20. Nb3 Rc6 21. Rhg1 Rac8 22. Nd4 Rxc5 23. Kd2 Qc7 24. f4 b5 25. Rc1 a5 26. b4 axb4 27. Qxb4 Qa7 28. a3 Qd7 29. Nce2 Rc4 30. Rxc4 Rxc4 31. Qb3 Qd5 32. Qb2 Qc5 33. g5 Nd5 34. gxh6 g6 35. Rg5 Qd6 1-0

[Event "NOR-chT Codanserien 2017-18"]
[Site "Oslo"]
[Date "2018.01.14"]
[Round "6"]
[White "Nordquelle, Daniel"]
[Black "Moen, Andreas"]
[Result "1-0"]
[ECO "C50"]
[WhiteElo "2196"]
[BlackElo "2322"]
[Annotator "ChessBase"]
[PlyCount "111"]
[EventDate "2018.??.??"]
[EventType "team-tourn"]
[EventCountry "NOR"]
[SourceTitle "playchess.com"]
[Source "ChessBase"]
[SourceQuality "1"]
[TimeControl "40/5400+30:1800+30"]

1. e4 e5 2. Nf3 Nc6 3. Bc4 Nf6 4. d3 Bc5 5. O-O O-O 6. Bg5 h6 7. Bh4 Be7 8. Re1 d6 9. Nbd2 Na5 10. c3 Nxc4 11. Nxc4 Re8 12. d4 Be6 13. Ncd2 Nd7 14. Bg3 Bf6 15. h3 c6 16. Nf1 Qc7 17. Ne3 Nf8 18. d5 Bd7 19. Qd2 Rad8 20. Rad1 Bc8 21. b3 Ng6 22. c4 h5 23. Qd3 a6 24. a4 h4 25. Bh2 c5 26. Ng4 Be7 27. Nd2 Rf8 28. Ne3 Bg5 29. Ndf1 Nf4 30. Bxf4 Bxf4 31. Nf5 Bg5 32. Nh2 g6 33. Nf3 Bf6 34. Ne3 Kg7 35. Kh2 Rh8 36. Rg1 Rdf8 37. g4 hxg3+ 38. Rxg3 Rh5 39. Ng4 Rfh8 40. Ng1 Bg5 41. Ne2 Kf8 42. Qf3 Qe7 43. b4 cxb4 44. c5 dxc5 45. d6 Qe6 46. Rd5 Bd7 47. Kg2 Bh4 48. Rxe5 Rxe5 49. Nf4 Qxd6 50. Nxe5 Bxg3 51. Nfxg6+ Ke8 52. Qxf7+ Kd8 53. Nxd7 Rh6 54. Nf6 Be5 55. Qe8+ Kc7 56. Nd5+ 1-0

[Event "NOR-chT Codanserien 2017-18"]
[Site "Oslo"]
[Date "2018.01.14"]
[Round "6"]
[White "Brasoy, Aksel"]
[Black "Mihajlov, Svetoslav"]
[Result "0-1"]
[ECO "A53"]
[WhiteElo "1937"]
[BlackElo "2178"]
[Annotator "ChessBase"]
[PlyCount "82"]
[EventDate "2018.??.??"]
[EventType "team-tourn"]
[EventCountry "NOR"]
[SourceTitle "playchess.com"]
[Source "ChessBase"]
[SourceQuality "1"]
[TimeControl "40/5400+30:1800+30"]

1. d4 Nf6 2. c4 d6 3. Nc3 Bf5 4. Nf3 g6 5. g3 Ne4 6. Bd2 Nxd2 7. Qxd2 Bg7 8. Bg2 Nc6 9. d5 Na5 10. b3 c5 11. Rc1 O-O 12. O-O a6 13. Rfe1 Bd7 14. Qd3 Rb8 15. e4 b5 16. e5 bxc4 17. bxc4 Bf5 18. Ne4 dxe5 19. Qa3 Bxe4 20. Rxe4 Rb4 21. Bf1 Qc7 22. Rce1 f6 23. Qc1 Nb7 24. Rh4 Nd6 25. g4 e4 26. Nd2 f5 27. gxf5 gxf5 28. Qd1 Rf6 29. f3 Rg6+ 30. Kh1 e3 31. Nb3 Bh6 32. Bd3 a5 33. Rg1 Bg7 34. Rxg6 hxg6 35. Qg1 a4 36. Nc1 Kf7 37. Qxe3 Qd7 38. Qxc5 Rb2 39. Qe3 Nb7 40. Rh7 Qd6 41. Qd4 Rxh2+ {[%emt 0:00:00] Qe3 Rb2} 0-1